 Dungeon Crawl Stone Soup version 0.26-a0-83-g7ccd015ce0 (webtiles) character file.

Game seed: 1113417896039150149

202907 bmfx the Nimble (level 18, -2/93 HPs)
             Began as a Vine Stalker Venom Mage on June 16, 2020.
             Was a Follower of Uskayaw.
             Slain by a tentacle (23 damage)
             ... attached to a kraken simulacrum
             ... on level 4 of the Shoals.
             The game lasted 01:55:19 (41308 turns).

bmfx the Nimble (Vine Stalker Venom Mage)          Turns: 41308, Time: 01:55:20

Health: -2/93      AC: 15    Str: 12    XL:     18   Next: 59%
Magic:  0/40       EV: 22    Int: 19    God:    Uskayaw [*.....]
Gold:   2252       SH:  7    Dex: 18    Spells: 14/33 levels left

rFire    . . .     SeeInvis .   a - +7 captain's cutlass {speed, disarm}
rCold    . . .     Gourm    .   X - +2 buckler
rNeg     . . .     Faith    .   w - +3 leather armour of Ifesyr {*Drain +Fly rElec}
rPois    .         Spirit   +   V - +2 helmet
rElec    +         Reflect  .   F - scarf {repulsion}
rCorr    .         Harm     .   E - +2 pair of gloves
MR       ++...                  g - +2 pair of boots
Stlth    +++.......             (no amulet)
HPRegen  1.05/turn              K - ring of magical power
MPRegen  0.27/turn              Z - +4 ring of slaying

@: repel missiles
A: fangs 3, regeneration 2, magic shield, antimagic bite, no potion heal 3, rot
immunity
}: 1/15 runes: barnacled
a: Stomp, Renounce Religion, Evoke Flight


You were on level 4 of the Shoals.
You worshipped Uskayaw.
Uskayaw was aware of your devotion.
You were not hungry.

You visited 5 branches of the dungeon, and saw 31 of its levels.

You collected 2602 gold pieces.
You spent 350 gold pieces at shops.


Innate Abilities, Weirdness & Mutations

You have razor-sharp teeth.
You heal very quickly.
When hurt, damage is shared between your health and your magic reserves.
Your bite disrupts and absorbs the magic of your enemies.
Potions cannot restore your health.
You are immune to rotting.

Dungeon Overview and Level Annotations

Branches:
Dungeon (15/15)            Temple (0/1) D:5            Lair (6/6) D:8
 Shoals (4/4) Lair:4       Spider (4/4) Lair:3        Slime (0/5) Lair:6
    Orc (2/2) D:9             Elf (0/3) Orc:2        Vaults (0/5) D:13
 Depths: D:15

Altars:
Fedhas
Gozag
Makhleb
Nemelex Xobeh
Qazlal
Trog
Uskayaw
The Shining One
Beogh

Shops:
D:4 }*!*=   D:9 }   D:13 *   D:14 [   Orc:2 (!?}   Shoals:3 *

Annotations:
D:9 3 runed translucent doors, Flogoulo's ghost, journeyman FoAK
D:14 exclusion: 2 oklob plants
Lair:2 exclusion: oklob plant
Lair:6 hell ending, exclusion: 2 doors
Spider:1 exclusion: 2 ice statues
Spider:3 1 runed translucent door, Rollo's ghost, adept TrMo
Orc:2 3 runed translucent doors, sobakacece's ghost, journeyman MiFi


   Skills:
 - Level 10.0 Fighting
 - Level 14.0 Short Blades
 - Level 14.0 Dodging
 - Level 5.0 Stealth
 - Level 4.1 Shields
 - Level 12.0 Unarmed Combat
 - Level 8.0 Spellcasting
 - Level 2.0 Conjurations
 + Level 6.5 Transmutations
 - Level 3.0 Fire Magic
 - Level 5.9 Air Magic
 + Level 5.5 Earth Magic
 - Level 8.0 Poison Magic
 - Level 8.0 Invocations
 - Level 5.0 Evocations


You had 14 spell levels left.
You knew the following spells:

 Your Spells              Type           Power        Failure   Level  Hunger
A - Sting                 Tmut/Pois      ####         1%          1    None
B - Poisonous Vapours     Pois/Air       ####..       1%          2    None
C - Ignite Poison         Fire/Tmut/Pois ####....     3%          3    None
D - Mephitic Cloud        Conj/Pois/Air  ####....     4%          3    None
E - Olgreb's Toxic Radia  Pois           #####...     4%          4    ###....
F - Statue Form           Tmut/Erth      ####.....    83%         6    ######.

Your spell library contained the following spells:

 Spells                   Type           Power        Failure   Level  Hunger
 Petrify                  Tmut/Erth      ####....     10%         4    ###....
 Animate Skeleton         Necr           N/A          12%         1    None
 Corona                   Hex            #......      12%         1    None
 Pain                     Necr           #...         12%         1    None
 Summon Butterflies       Summ           #.......     12%         1    None
 Ensorcelled Hibernation  Hex/Ice        #.....       17%         2    None
 Dazzling Flash           Conj/Hex       ##....       22%         3    None
 Confusing Touch          Hex            #.......     34%         3    None
 Gell's Gravitas          Tloc           #.........   34%         3    None
 Tukima's Dance           Hex            #.......     34%         3    None
 Vampiric Draining        Necr           #.........   34%         3    None
 Leda's Liquefaction      Hex/Erth       ###.......   36%         4    ###....
 Bolt of Magma            Conj/Fire/Erth ###.......   58%         5    #####..
 Yara's Violent Unravell  Hex/Tmut       ###.......   63%         5    #####..
 Animate Dead             Necr           N/A          75%         4    ###....
 Agony                    Necr           #.......     97%         5    #####..
 Metabolic Englaciation   Hex/Ice        #.........   97%         5    #####..
 Summon Mana Viper        Hex/Summ       #.......     97%         5    #####..
 Iron Shot                Conj/Erth      ###.......   98%         6    ######.
 Shadow Creatures         Summ           N/A          100%        6    ######.
 Spellforged Servitor     Conj/Summ      ##........   100%        7    #######
 Shatter                  Erth           ####......   100%        9    #######

Action                   |  1- 3 |  4- 6 |  7- 9 | 10-12 | 13-15 | 16-18 || total
-------------------------+-------+-------+-------+-------+-------+-------++-------
Melee: Unarmed           |     4 |    30 |   136 |   409 |   299 |       ||   878
       Bite              |     1 |    11 |    30 |   162 |   280 |   258 ||   742
       Punch             |       |       |     6 |    20 |    49 |    12 ||    87
       Cutlass           |       |       |       |       |   461 |   745 ||  1206
Throw: Dart              |       |       |     1 |     3 |    13 |     4 ||    21
 Cast: Sting             |    11 |     4 |     5 |     4 |     1 |       ||    25
       Poisonous Vapours |    49 |    63 |   148 |   212 |   209 |   362 ||  1043
       Ignite Poison     |     1 |     1 |     6 |    43 |    95 |   118 ||   264
       Mephitic Cloud    |       |       |       |     7 |    31 |    14 ||    52
       Olgreb's Toxic Ra |       |       |       |    40 |    75 |   112 ||   227
Invok: Line Pass         |       |       |       |       |     2 |     1 ||     3
       Grand Finale      |       |       |       |       |       |     1 ||     1
 Abil: Evoke Flight      |       |       |       |       |       |    10 ||    10
Evoke: Wand              |       |     3 |       |    27 |    24 |     3 ||    57
       Lightning rod     |       |       |       |       |    15 |     5 ||    20
       Phantom mirror    |       |       |       |       |     2 |       ||     2
       Box of beasts     |       |       |       |       |     1 |       ||     1
  Use: Scroll            |       |     8 |     9 |     8 |     7 |     7 ||    39
       Potion            |       |     2 |     2 |     2 |     2 |     8 ||    16
 Stab: Paralysed         |       |       |     2 |    44 |    43 |    28 ||   117
       Distracted        |       |       |     1 |       |       |     1 ||     2
       Confused          |       |       |       |     7 |     4 |     8 ||    19
       Sleeping          |       |       |       |     2 |     2 |     5 ||     9
       Invisible         |       |       |       |       |     1 |     7 ||     8
       Petrified         |       |       |       |       |       |     2 ||     2
       Petrifying        |       |       |       |       |       |     1 ||     1
  Eat: Chunk             |     7 |     4 |    15 |    22 |    16 |    32 ||    96
       Ration            |       |     3 |     1 |     5 |     9 |     5 ||    23
Armor: Robe              |     2 |     6 |    23 |       |       |       ||    31
       Leather armour    |       |       |    19 |    98 |   136 |   138 ||   391
       Skin              |       |       |    10 |       |     4 |       ||    14
Dodge: Dodged            |    11 |    21 |    99 |   324 |   480 |   624 ||  1559
       Repelled          |       |       |       |     3 |    12 |    38 ||    53
Block: Buckler           |       |       |       |       |       |    91 ||    91

Skill      XL: |  1  2  3  4  5  6  7  8  9 10 11 12 13 14 15 16 17 18 |
---------------+-------------------------------------------------------+-----
Air Magic      | 1 2 5 |  5.9
Transmutations | 2 3 6 |  6.5
Poison Magic   | 4 5 6 8 |  8.0
Spellcasting   | 3 4 6 8 |  8.0
Fire Magic     | 1 2 3 |  3.0
Dodging        | 3 5 6 7 8 11 12 14 | 14.0
Unarmed Combat | 1 5 6 8 10 12 | 12.0
Conjurations   | 1 2 |  2.0
Fighting       | 5 6 8 9 10 | 10.0
Evocations     | 5 |  5.0
Invocations    | 5 6 8 |  8.0
Short Blades   | 2 10 11 14 | 14.0
Shields        | 4 |  4.1
Stealth        | 5 |  5.0
Earth Magic    | 5 |  5.5

Inventory:

Hand Weapons
 a - the +7 captain's cutlass (weapon) {speed, disarm}
   (You found it on level 13 of the Dungeon)

   Attacks with this weapon are significantly faster.
Missiles
 e - 3 atropa-tipped darts (quivered)
 y - 7 throwing nets {!f}
Armour
 g - a +2 pair of boots (worn)
 u - a +2 robe of magic resistance
 w - the +3 leather armour of Ifesyr (worn) {*Drain +Fly rElec}
   (You found it on level 7 of the Dungeon)

   It insulates you from electricity.
   It lets you fly.
   It causes draining when unequipped.
 x - a +0 kite shield
 E - a +2 pair of gloves (worn)
 F - a scarf of repulsion (worn)
 V - a +2 helmet (worn)
 X - a +2 buckler (worn)
Jewellery
 b - a +6 ring of dexterity
 v - an uncursed ring of positive energy
 B - an uncursed ring of poison resistance
 I - an uncursed ring of flight
 K - a ring of magical power (left hand)
 L - an uncursed ring of protection from cold
 Q - a +6 ring of intelligence
 Z - a +4 ring of slaying (right hand)
Wands
 C - a wand of enslavement (14)
 H - a wand of paralysis (19)
 R - a wand of digging (6)
 T - a wand of flame (54)
 U - a wand of clouds (5)
Scrolls
 m - 11 scrolls of teleportation {@r1}
 n - 18 scrolls of remove curse {@r4}
 o - 4 scrolls of fear
 p - a scroll of holy word
 G - 3 scrolls of fog
 J - 6 scrolls of identify {@r3}
 M - 5 scrolls of magic mapping
 N - 2 scrolls of blinking {@r2}
Potions
 d - 2 potions of stabbing
 f - 3 potions of haste {@q4}
 h - 12 potions of curing {@q2}
 j - 5 potions of mutation
 l - 4 potions of might
 q - 2 potions of magic
 r - 3 potions of resistance
 t - 6 potions of flight
 z - 5 potions of brilliance
 A - 5 potions of lignification
 D - 6 potions of cancellation
 S - a potion of ambrosia
Miscellaneous
 k - a tin of tremorstones (3/3)
 s - 2 phantom mirrors
 O - a box of beasts
 P - a lightning rod (4/4)
Comestibles
 c - 35 rations

#≈≈≈≈≈≈≈≈≈≈.[).............
#≈≈≈≈≈≈≈≈≈≈.)[........≈≈...
≈≈≈≈≈≈≈≈≈.......)....≈≈≈.#
≈≈≈≈≈≈≈≈..........≈≈≈≈≈≈..
≈≈≈≈≈≈≈..........≈≈≈≈≈≈...
≈≈≈≈≈≈.........≈≈≈≈≈≈≈...
≈≈≈≈≈........≈≈≈≈≈≈≈≈≈≈..
≈≈≈≈}...#≈≈##≈#≈≈≈≈≈≈≈≈≈
≈≈≈≈...@#######≈≈≈≈≈≈≈≈≈
≈≈≈≈...#w≈≈≈#≈##≈≈≈≈≈≈≈≈
≈≈≈≈..##.≈≈≈≈≈≈##≈≈≈≈≈≈≈
≈≈≈≈.. ##≈#≈#≈###≈≈≈≈≈≈≈
≈≈≈≈.. #≈≈.≈≈##≈≈≈≈≈≈≈≈
≈≈≈≈.. ##w#w#≈##≈≈≈≈≈≈≈≈
≈≈≈≈≈.##≈≈≈Z≈≈≈##≈≈≈≈≈P≈
≈≈≈≈≈≈≈#≈≈≈≈#≈##≈≈≈≈≈≈≈≈
≈≈≈≈≈≈≈≈#######≈≈≈≈≈≈≈≈≈


You could see 3 tentacles and a kraken simulacrum.

Vanquished Creatures
  Arachne (Spider:2)
  Jorgrun (Spider:1)
  5 krakens
  Polyphemus (Shoals:2)
  Gastronok (Lair:3)
  Kirke (Lair:5)
  Ilsuiw (Shoals:3)
  An orc warlord (Orc:1)
  Aizul (Shoals:4)
  An emperor scorpion (Spider:2)
  A stone giant (Orc:1)
  2 entropy weavers (Spider:2)
  Nessos (Lair:4)
  2 dire elephants (Lair:6)
  2 spark wasps
  Azrael (Spider:1)
  An ettin (Orc:2)
  3 merfolk javelineers (Shoals:4)
  9 merfolk impalers
  2 merfolk avatars
  3 alligator snapping turtles
  10 hydras
  2 catoblepae
  A death knight (D:14)
  Erica (Orc:1)
  7 two-headed ogres
  A centaur warrior (D:14)
  2 satyrs (Shoals:2)
  2 death yaks (Shoals:2)
  4 merfolk aquamancers (Shoals:4)
  Urug (D:13)
  3 orc high priests (Orc:2)
  11 skeletal warriors
  11 sea snakes
  2 unseen horrors
  A spark wasp zombie (D:15)
  A wizard (Lair:6)
  11 harpies
  4 orc knights (Orc:2)
  A necromancer (D:13)
  A deep elf mage (D:14)
  14 orb spiders
  5 ugly things
  5 orc sorcerers (Orc:2)
  14 wolf spiders
  14 manticores
  A sphinx skeleton (D:15)
  6 cyclopes
  5 fauns (Shoals:2)
  Maurice (D:13)
  An eye of devastation (Lair:6)
  6 black mambas
  9 elephants
  6 water nymphs
  5 merfolk sirens
  3 gargoyles
  A kobold demonologist (D:14)
  5 spiny frogs
  A spriggan zombie (D:15)
  12 komodo dragons
  A yaktaur (D:15)
  4 rime drakes
  A freezing wraith (D:14)
  17 demonic crawlers
  A hellwing (Lair:6)
  An ice devil (Lair:6)
  A queen bee (D:8)
  7 trolls
  24 jumping spiders
  2 polar bears
  18 hornets
  19 merfolk
  11 blink frogs (Lair:6)
  7 snapping turtles
  A wind drake (Shoals:3)
  Prince Ribbit (D:5)
  15 slime creatures
  10 dream sheep
  13 hippogriffs
  57 yaks
  42 redbacks
  6 shadows
  A wyvern (D:14)
  A basilisk (D:8)
  Sigmund (D:5)
  3 fire elementals
  A spriggan (Lair:3)
  24 tarantellas
  8 water elementals
  A hungry ghost (D:10)
  4 wraiths
  3 hogs (Lair:5)
  3 vampires
  Grum (D:9)
  9 vampire mosquitoes
  A warg (Orc:1)
  2 soldier ants
  10 water moccasins
  7 porcupines
  3 hell hounds
  5 ice beasts
  2 hornet zombies
  2 black bears
  26 orc warriors
  A phantom (D:14)
  2 eyes of draining
  9 ogres
  5 sky beasts
  24 wolves
  19 crocodiles
  16 centaurs
  A big kobold (D:13)
  Blork the orc (D:5)
  A gnoll sergeant (D:11)
  15 bullfrogs
  A wyvern zombie (D:13)
  2 water moccasin zombies
  6 scorpions
  34 killer bees
  6 wights
  5 howler monkeys
  3 electric eels
  3 crimson imps
  A quasit (D:10)
  2 bullfrog zombies
  7 hounds
  2 jellies
  5 centaur skeletons
  A bullfrog skeleton (D:13)
  26 orc priests
  10 iguanas
  27 orc wizards
  9 worker ants
  A killer bee zombie (D:8)
  2 hound skeletons
  A mummy (D:7)
  A howler monkey zombie (D:5)
  A worker ant zombie (D:10)
  10 adders
  11 gnolls
  3 shadow imps
  An ooze (D:5)
  An adder skeleton (D:7)
  An adder zombie (D:7)
  8 worms
  5 dart slugs
  5 leopard geckos
  116 orcs
  2 bats (D:2)
  4 giant cockroaches
  8 goblins
  5 hobgoblins
  12 jackals
  6 quokkas
  2 ball pythons
  A frilled lizard (D:3)
  A hobgoblin zombie (D:7)
  11 kobolds
  2 kobold zombies (D:7)
  A leopard gecko skeleton (D:4)
  A leopard gecko zombie (D:7)
  An orc zombie (D:7)
  A quokka zombie (D:8)
  8 rats
  7 tentacles
1093 creatures vanquished.

Vanquished Creatures (collateral kills)
  A merfolk impaler (Shoals:4)
  A hydra (Lair:6)
  A merfolk aquamancer (Shoals:4)
3 creatures vanquished.

Vanquished Creatures (others)
  A redback (Spider:2)
  A centaur (D:14)
  11 fungi
  10 plants
  33 tentacles
  10 withered plants (D:15)
66 creatures vanquished.

Grand Total: 1162 creatures vanquished

Levels and vault maps discovered:
D:1:      shiori_shiawase, layout_basic, wad_floor_pattern_1
D:2:      layout_basic, amethyst_overflow_temple_binary, first_ration,
          minmay_tiny_reverse_x
D:3:      layout_loops_cross, minmay_box_of_dots
D:4:      layout_loops_ring, serial_glass, glass_columns_a, glass_columns_a,
          serial_shops, shop_fountains, shop, nicolae_shop_behind_doors,
          shop_fountains, shop_statue
D:5:      layout_basic, bloody_trog, minmay_temple_entry_drinking_statues,
          uniq_prince_ribbit1, uniq_sigmund, uniq_blork_the_orc
D:6:      layout_basic, kennysheep_generic_room_13
D:7:      minmay_opposing_rooms, layout_cave_pools, minmay_mini_ossuary
D:8:      layout_basic, david_lair_generic, david_nohive_1
D:9:      layout_rooms, tso_oasis_becter, orc_david_3,
          biasface_ghost_orc_armoury, serial_shops, shop, minmay_misc_feat_rows,
          uniq_grum
D:10:     layout_loops_ring
D:11:     layout_small_grid
D:12:     layout_gridville, grunt_qazlal_sundering
D:13:     layout_big_octagon, david_vaults_1, serial_shops, nicolae_shop_stone,
          uniq_maurice, uniq_urug
D:14:     layout_basic, basic_altar, serial_shops, shop_statue,
          hangedman_tree_tricks, item_on_display_b
D:15:     gammafunk_depths_entry_grave, layout_small_grid
Lair:1:   layout_chaotic_city, serial_bayou_shore_b, grunt_megastairs_4,
          serial_bayou_shore_b
Lair:2:   beast_lair_carwin_large_3, layout_hall_layers, serial_bayou_shore_a,
          minmay_lair_oklob_chamber, grunt_megastairs_2, lemuel_fruit_tree
Lair:3:   layout_loops_ring, spider_nest_entry_web_field,
          grunt_forest_stairs_clearing, uniq_gastronok
Lair:4:   layout_roguey, minmay_shoals_entry_beasts,
          infiniplex_staircase_pool_2, uniq_nessos
Lair:5:   layout_big_grid, grunt_megastairs_5, uniq_kirke
Lair:6:   evil_forest, layout_regular_city, minmay_slime_entry_eyes
Shoals:1: layout_shoals, nicolae_shoals_kraken_intersection
Shoals:2: layout_shoals, nicolae_shoals_kraken_party, uniq_polyphemus
Shoals:3: layout_shoals, serial_shops, nicolae_shop_trees,
          nicolae_shoals_seven_spires, uniq_ilsuiw
Shoals:4: shoals_end_grunt_ice, layout_shoals, shoals_ilsuiw_ice, uniq_roxanne,
          uniq_aizul
Spider:1: layout_spider_delve, portal_ice_cave_entry_ice_statue_two,
          nicolae_spider_circle_web, uniq_azrael, uniq_jorgrun
Spider:2: layout_spider_delve, uniq_arachne
Spider:3: layout_spider_delve, ebering_ghost_reflecting_pool,
          einodemon_crawler_minivault
Spider:4: guppyfry_spider_rune, hive_lemuel
Orc:1:    layout_caves, uniq_erica
Orc:2:    grunt_orc_tribal_feast, layout_diamond_mine, basic_altar,
          ebering_ghost_gozag, minmay_orc_temple_a


Message History

You pick up the barnacled rune and feel its power.
Press } to see all the runes you have collected.
You enter the shallow water.
Moving in this stuff is going to be slow.
Tentacles burst out of the water! 3 tentacles come into view.
A tentacle comes into view.
A tentacle segment bursts forth from the water.
The tentacle slaps you but does no damage.
The tentacle slaps you! The tentacle freezes you!!
The tentacle completely misses you. You block the tentacle's attack.
The tentacle closely misses you. The tentacle completely misses you.
The tentacle slaps you! The tentacle freezes you! The tentacle slaps you.
The tentacle freezes you!! The tentacle barely misses you. x2
The tentacle slaps you!
* * * LOW HITPOINT WARNING * * *
The tentacle freezes you!!
You die...

Notes
Turn   | Place    | Note
-------+----------+-------------------------------------------
     0 | D:1      | bmfx the Vine Stalker Venom Mage began the quest for the
                  | Orb.
     0 | D:1      | Reached XP level 1. HP: 9/9 MP: 4/4
   422 | D:1      | Reached XP level 2. HP: 13/13 MP: 3/6
   426 | D:1      | Learned a level 2 spell: Poisonous Vapours
   856 | D:1      | Reached XP level 3. HP: 16/16 MP: 3/7
  1025 | D:1      | Reached skill level 1 in Air Magic
  1407 | D:1      | Learned a level 3 spell: Ignite Poison
  2381 | D:2      | Found a hide-covered altar of Uskayaw.
  2385 | D:2      | Became a worshipper of Uskayaw the Reveler
  2395 | D:2      | Found a burning altar of Makhleb.
  2415 | D:2      | Gained mutation: Your natural rate of healing is unusually
                  | fast. [Vine Stalker growth]
  2415 | D:2      | Reached XP level 4. HP: 21/21 MP: 4/9
  3058 | D:3      | Reached * piety under Uskayaw
  3933 | D:4      | Found Sazat's Gadget Shoppe.
  4053 | D:4      | Reached XP level 5. HP: 24/24 MP: 1/10
  4190 | D:4      | Learned a level 3 spell: Mephitic Cloud
  4239 | D:4      | Found Owuh's Assorted Antiques.
  4243 | D:4      | Found Lawy's Distillery.
  4261 | D:4      | Bought a golden potion for 23 gold pieces
  4271 | D:4      | Bought a potion of invisibility for 96 gold pieces
  4297 | D:4      | Reached skill level 1 in Fire Magic
  4411 | D:4      | Found Laluemuq's Assorted Antiques.
  4419 | D:4      | Bought a scroll labeled QUJ VIBUGGA for 20 gold pieces
  4439 | D:4      | Noticed an ogre
  4809 | D:4      | Found Ebbigimi's Jewellery Emporium.
  5150 | D:5      | Entered Level 5 of the Dungeon
  5162 | D:5      | Reached XP level 6. HP: 27/28 MP: 7/12
  5208 | D:5      | Noticed Blork the orc
  5253 | D:5      | Killed Blork the orc
  5253 | D:5      | Reached skill level 5 in Poison Magic
  5285 | D:5      | Reached ** piety under Uskayaw
  5408 | D:5      | Found a staircase to the Ecumenical Temple.
  5416 | D:5      | Reached XP level 7. HP: 32/32 MP: 9/14
  5509 | D:5      | Noticed Sigmund
  5522 | D:5      | Killed Sigmund
  5905 | D:5      | Noticed Prince Ribbit
  5911 | D:5      | Killed Prince Ribbit
  5911 | D:5      | Reached skill level 1 in Unarmed Combat
  5911 | D:5      | Reached skill level 1 in Conjurations
  6208 | D:5      | Gained mutation: You have razor-sharp teeth. [Vine Stalker
                  | growth]
  6208 | D:5      | Reached XP level 8. HP: 36/36 MP: 7/15
  6337 | D:5      | Found a bloodstained altar of Trog.
  8085 | D:6      | Reached skill level 5 in Dodging
  8090 | D:6      | Reached *** piety under Uskayaw
  8209 | D:7      | Reached skill level 5 in Unarmed Combat
  8209 | D:7      | Reached XP level 9. HP: 39/39 MP: 4/16
  8253 | D:7      | Noticed a hornet
  8259 | D:7      | Killed a hornet
  8360 | D:7      | Got a distressingly furry leather armour
  8371 | D:7      | Identified the +3 leather armour of Ifesyr {*Drain +Fly
                  | rElec} (You found it on level 7 of the Dungeon)
  9836 | D:8      | Reached skill level 5 in Fighting
  9857 | D:8      | Noticed a queen bee
  9870 | D:8      | Reached XP level 10. HP: 51/51 MP: 2/17
  9991 | D:8      | Reached skill level 1 in Evocations
 10276 | D:8      | Found a staircase to the Lair.
 11367 | D:8      | Reached skill level 5 in Evocations
 11648 | D:4      | Bought a wand of paralysis (11) for 169 gold pieces
 11851 | D:9      | Noticed a two-headed ogre
 11862 | D:9      | Killed a two-headed ogre
 11862 | D:9      | Reached skill level 5 in Air Magic
 12072 | D:8      | Learned a level 4 spell: Olgreb's Toxic Radiance
 12174 | D:9      | Found a staircase to the Orcish Mines.
 12210 | D:9      | Reached XP level 11. HP: 56/56 MP: 11/18
 12323 | D:9      | Noticed a two-headed ogre
 12342 | D:9      | Killed a two-headed ogre
 12414 | D:9      | Found a runed translucent gate.
 12414 | D:9      | Noticed Flogoulo's ghost (journeyman FoAK)
 12415 | D:9      | Found a runed translucent gate.
 12415 | D:9      | Identified the +9 great sword of Action {flame, rPois MR+}
 12417 | D:9      | Found a runed translucent gate.
 12431 | D:9      | Found a roughly hewn altar of Beogh.
 12571 | D:9      | Found Muops's Gadget Shoppe.
 12599 | D:9      | Noticed a two-headed ogre
 12615 | D:9      | Killed a two-headed ogre
 12742 | D:9      | Found a glowing golden altar of the Shining One.
 12802 | D:9      | Noticed Grum
 12807 | D:9      | Killed Grum
 12807 | D:9      | Reached skill level 5 in Spellcasting
 13084 | D:10     | Entered Level 10 of the Dungeon
 13294 | D:10     | Noticed a two-headed ogre
 13314 | D:10     | Killed a two-headed ogre
 13932 | D:11     | Noticed a white ugly thing
 13951 | D:11     | Killed a white ugly thing
 14136 | D:11     | Noticed a brown ugly thing
 14141 | D:11     | Killed a brown ugly thing
 14618 | D:11     | Gained mutation: You heal very quickly. [Vine Stalker
                  | growth]
 14618 | D:11     | Reached XP level 12. HP: 55/61 MP: 5/22
 14618 | D:11     | Reached **** piety under Uskayaw
 15685 | Lair:1   | Entered Level 1 of the Lair of Beasts
 15685 | Lair:1   | Noticed an eight-headed hydra
 16251 | Lair:1   | Reached skill level 1 in Invocations
 17173 | Lair:2   | Reached skill level 5 in Invocations
 17993 | Lair:2   | Reached XP level 13. HP: 68/68 MP: 17/26
 18429 | Lair:3   | Found a hole to the Spider Nest.
 18581 | Lair:3   | Noticed Gastronok
 18596 | Lair:3   | Killed Gastronok
 19433 | Lair:4   | Noticed Nessos
 19439 | Lair:4   | Killed Nessos
 19439 | Lair:4   | Reached skill level 10 in Dodging
 19883 | Lair:4   | Found a staircase to the Shoals.
 20316 | Lair:5   | Noticed Kirke
 20324 | Lair:5   | Killed Kirke
 20324 | Lair:5   | Reached skill level 10 in Unarmed Combat
 20327 | Lair:5   | Reached ***** piety under Uskayaw
 21350 | Lair:6   | Entered Level 6 of the Lair of Beasts
 21430 | Lair:5   | Reached XP level 14. HP: 49/73 MP: 27/27
 22259 | Lair:6   | Found a staircase to the Slime Pits.
 22371 | Lair:6   | Noticed a dire elephant
 22413 | Lair:6   | Killed a dire elephant
 22616 | Lair:6   | Got a faintly glowing ring mail
 22617 | Lair:6   | Identified the +1 ring mail of Inevitability {Int+4} (You
                  | found it on level 6 of the Lair of Beasts)
 22999 | Lair:6   | Noticed a dire elephant
 23063 | Lair:6   | Killed a dire elephant
 24549 | D:12     | Found a stormy altar of Qazlal.
 25569 | D:13     | Found the +7 captain's cutlass {speed, disarm}
 25641 | D:13     | Reached skill level 1 in Short Blades
 25670 | D:13     | Noticed Urug
 25679 | D:13     | Killed Urug
 25679 | D:13     | Reached XP level 15. HP: 80/80 MP: 21/28
 26029 | D:13     | Identified Nuph's Papyrus of the Escort
 26101 | D:13     | Noticed Maurice
 26112 | D:13     | Killed Maurice
 26174 | D:13     | Found Vioruk's General Store.
 26250 | D:13     | Found a gate to the Vaults.
 26333 | D:14     | Reached skill level 5 in Short Blades
 26429 | D:14     | Found a sparkling altar of Nemelex Xobeh.
 26611 | D:14     | Found Obbuso's Antique Armour Shop.
 27497 | D:14     | Found a blossoming altar of Fedhas.
 27603 | D:15     | Entered Level 15 of the Dungeon
 28899 | Orc:1    | Entered Level 1 of the Orcish Mines
 28899 | Orc:1    | Noticed Erica
 28905 | Orc:1    | Killed Erica
 29038 | Orc:1    | Noticed an orc warlord
 29062 | Orc:1    | Killed an orc warlord
 29062 | Orc:1    | Reached skill level 10 in Short Blades
 29064 | Orc:1    | Reached skill level 10 in Fighting
 29077 | Orc:1    | Reached ****** piety under Uskayaw
 29515 | Orc:2    | Entered Level 2 of the Orcish Mines
 29631 | Orc:2    | Found a roughly hewn altar of Beogh.
 29810 | Orc:2    | Found a roughly hewn altar of Beogh.
 29991 | Orc:2    | Reached XP level 16. HP: 85/85 MP: 10/29
 30235 | Orc:2    | Found a staircase to the Elven Halls.
 30390 | Orc:2    | Found a runed translucent gate.
 30390 | Orc:2    | Found a runed translucent gate.
 30390 | Orc:2    | Found a runed translucent gate.
 30392 | Orc:2    | Found an opulent altar of Gozag.
 30395 | Orc:2    | Noticed sobakacece's ghost (journeyman MiFi)
 30826 | Orc:2    | Found Qoajan's Antique Weapon Shop.
 30826 | Orc:2    | Found Ceroips's Gadget Shoppe.
 30830 | Orc:2    | Found Fafiar's Distillery.
 30830 | Orc:2    | Found Jedaagg's Magic Scroll Shoppe.
 31043 | Spider:1 | Entered Level 1 of the Spider Nest
 31278 | Spider:1 | Noticed Azrael
 31291 | Spider:1 | Killed Azrael
 31316 | Spider:1 | Noticed Jorgrun
 31321 | Spider:2 | Noticed Arachne
 31339 | Spider:2 | Killed Arachne
 33937 | Spider:3 | Found a runed translucent door.
 33938 | Spider:3 | Noticed Rollo's ghost (adept TrMo)
 33975 | Spider:3 | Reached XP level 17. HP: 89/89 MP: 30/30
 34411 | Spider:4 | Entered Level 4 of the Spider Nest
 34418 | Spider:4 | Reached skill level 1 in Shields
 35511 | Spider:1 | Killed Jorgrun
 36020 | Shoals:1 | Entered Level 1 of the Shoals
 36231 | Shoals:1 | Noticed a kraken
 36240 | Shoals:1 | Killed a kraken
 37147 | Shoals:2 | Reached skill level 5 in Stealth
 37285 | Shoals:2 | Noticed Polyphemus
 37305 | Shoals:2 | Killed Polyphemus
 38123 | Shoals:2 | Noticed a kraken
 38135 | Shoals:2 | Noticed a kraken
 38186 | Shoals:2 | Killed a kraken
 38196 | Shoals:2 | Killed a kraken
 38475 | Shoals:2 | Reached XP level 18. HP: 70/93 MP: 17/31
 39056 | Shoals:3 | Found Kiczuoto's General Store.
 39076 | Shoals:3 | Bought a potion of curing for 42 gold pieces
 39493 | Shoals:3 | Learned a level 6 spell: Statue Form
 39523 | Shoals:3 | Reached skill level 1 in Earth Magic
 39703 | Shoals:3 | Noticed Ilsuiw
 39721 | Shoals:3 | Killed Ilsuiw
 40216 | Shoals:4 | Entered Level 4 of the Shoals
 40321 | Shoals:4 | Noticed Aizul
 40340 | Shoals:4 | Killed Aizul
 40340 | Shoals:4 | Reached skill level 5 in Transmutations
 40682 | Shoals:4 | Reached skill level 5 in Earth Magic
 41303 | Shoals:4 | Got a barnacled rune of Zot
 41308 | Shoals:4 | Slain by a tentacle
